 Dungeon Crawl Stone Soup version 0.31.0-32-g396128a36d (webtiles) character file.

Game seed: 4148027878203657718

58 Gabide the Cudgeller (level 3, -1/30 HPs)
             Began as a Draconian Reaver on Apr 12, 2024.
             Slain by a gnoll
             ... wielding a +0 halberd
              (5 damage)
             ... on level 2 of the Dungeon.
             The game lasted 00:04:10 (1502 turns).

Gabide the Cudgeller (Draconian Reaver)             Turns: 1502, Time: 00:04:10

Health: -1/30      AC:  5    Str: 16    XL:     3   Next: 75%
Magic:  6/6        EV: 12    Int: 13    God:
Gold:   69         SH:  0    Dex:  9    Spells: 5/6 levels left

rFire   . . .        a - +0 mace
rCold   . . .        (no shield)
rNeg    . . .        (body armour unavailable)
rPois   .            (helmet restricted)
rElec   .            (no cloak)
rCorr   .            (no gloves)
SInv    .            (no boots)
Will    .....        (no amulet)
Stlth   +            (no ring)
HPRegen 0.25/turn    (no ring)
MPRegen 0.10/turn

%: no passive effects
@: no status effects
A: AC +5, unfitting armour, cold-blooded
a: no special abilities


You were on level 2 of the Dungeon.
You visited 1 branch of the dungeon, and saw 2 of its levels.

You collected 69 gold pieces.

Inventory:

Hand Weapons
 a - a +0 mace (weapon)
Scrolls
 c - a scroll of acquirement {unknown}
Potions
 b - 2 potions of curing {unknown}
 d - a potion of ambrosia {unknown}
 e - a potion of might {unknown}


   Skills:
 + Level 2.8 Fighting
 * Level 3.8 Maces & Flails
 + Level 2.3 Dodging
 + Level 2.3 Spellcasting
 - Level 3.0 Conjurations


You had 5 spell levels left.
You knew the following spells:

 Your Spells              Type           Power      Damage    Failure   Level
a - Kiss of Death         Conj/Necr      20%        2d7       13%         1

Your spell library contained the following spells:

 Spells                   Type           Power      Damage    Failure   Level
 Sting                    Conj/Alch      20%        1d4       13%         1
 Momentum Strike          Conj/Tloc      10%        3d8       21%         2
 Apportation              Tloc           2%         N/A       24%         1
 Necrotise                Necr           4%         1d4       24%         1
 Summon Small Mammal      Summ           4%         N/A       24%         1
 Cigotuvi's Dreadful Rot  Necr/Alch/Air  2%         N/A       36%         2
 Hailstorm                Conj/Ice       5%         3d5       36%         3
 Cause Fear               Hex            0%         N/A       94%         4
 Dispel Undead            Necr           1%         3d6       94%         4
 Martyr's Knell           Necr/Summ      1%         N/A       94%         4
 Fireball                 Conj/Fire      2%         3d4       98%         5
 Death Channel            Necr           0%         N/A       100%        6
 Dragon's Call            Summ           0%         N/A       100%        9


Dungeon Overview and Level Annotations

Branches:
Dungeon (2/15)

Altars:

Shops:
D:1 (


Innate Abilities, Weirdness & Mutations

Your plain brown scales are hard. (AC +5)
You cannot fit into any form of body armour.
You are cold-blooded and may be slowed by cold attacks.


Message History

No target in view!
No target in view!
No target in view!
No target in view!
No target in view!
No target in view!
No target in view!
No target in view!
No target in view!
No target in view!
No target in view!
No target in view!
You see here a frilled lizard corpse.
You open the door. 3 gnolls come into view.
The gnoll shouts! x2
There are monsters nearby!
You barely miss the gnoll.
The gnoll hits you from afar with a +0 halberd.
The gnoll barely misses you. The gnoll hits you with a +0 club.
There is an open door, spattered with blood here.
The gnoll barely misses you.
The gnoll hits you from afar with a +0 halberd!
The gnoll attacks as it pursues you! The gnoll hits you with a +0 club.
The gnoll barely misses you. The gnoll closely misses you.
The gnoll hits you from afar with a +0 halberd.
The gnoll hits you from afar with a +0 halberd!
* * * LOW HITPOINT WARNING * * *
Okay, then.
The gnoll attacks as it pursues you! The gnoll hits you with a +0 club.
* * * LOW HITPOINT WARNING * * *
The gnoll attacks as it pursues you! The gnoll closely misses you.
The gnoll attacks as it pursues you! The gnoll closely misses you.
The gnoll attacks as it pursues you! The gnoll hits you but does no damage.
The gnoll attacks as it pursues you! The gnoll hits you but does no damage.
The gnoll attacks as it pursues you! The gnoll hits you with a +0 club.
* * * LOW HITPOINT WARNING * * *
The gnoll attacks as it pursues you!
The gnoll hits you from afar with a +0 halberd.
You die...

### #####.############
#>...............#
#..##.###........#
#....@###........####
#....g#.............#
#.#..g#.............##
#.##..#.....###.......
####.g####### #######.
#.# #..###### #####
#.###........ .......
#......###.######......
#.###.##....g..........


You could see 3 gnolls.

Vanquished Creatures
  A dart slug (D:1)
  5 bats
  6 endoplasms
  2 giant cockroaches
  8 goblins
  5 hobgoblins
  5 jackals
  3 quokkas
  A ball python (D:2)
  A frilled lizard (D:2)
  6 kobolds
  3 rats
46 creatures vanquished.

Notes
Turn   | Place    | Note
-------+----------+-------------------------------------------
     0 | D:1      | Gabide the Draconian Reaver began the quest for the Orb.
     0 | D:1      | Reached XP level 1. HP: 17/17 MP: 3/3
   256 | D:1      | Reached XP level 2. HP: 25/25 MP: 5/5
   634 | D:1      | Noticed a shining eye
   642 | D:1      | Noticed a glass eye
   644 | D:1      | Found a faded altar of an unknown god.
   646 | D:1      | Noticed a great orb of eyes
   649 | D:1      | Noticed a shining eye
   655 | D:1      | Reached XP level 3. HP: 27/30 MP: 6/6
   873 | D:1      | Found Evaweb's Antique Weapon Shop.
  1502 | D:2      | Slain by a gnoll

Illustrated notes

Levels and vault maps discovered:
D:1:      amcnicky_arrival_choice, layout_loops_corners,
          hellmonk_ecumenical_altar_watching_god, serial_shops, shop
D:2:      layout_basic

Skill      XL: |  1  2 |
---------------+-------+-----
Dodging        | 2 |  2.3
Fighting       | |  2.8
Maces & Flails | |  3.8
Spellcasting   | |  2.3
Conjurations   | |  3.0

Action                     || total
---------------------------++-------
  Melee: Mace              ||   145
         Tailslap          ||    10
   Stab: Sleeping          ||     1
 Armour: Skin              ||   120
  Dodge: Dodged            ||   114
